 Dungeon Sprint DCSS version 0.21.2 (webtiles) character file.

172 Fang the Skirmisher (level 5, 0/38 HPs)
             Began as a Gargoyle Berserker on Oct 16, 2018.
             Was an Elder of Trog.
             Slain by an orc warrior
             ... wielding a +0 dire flail
              (16 damage)
             ... in the Dungeon (Sprint VII: "The Pits").
             The game lasted 00:00:58 (329 turns).

Fang the Skirmisher (Gargoyle Berserker)             Turns: 329, Time: 00:00:59

Health: 0/38       AC:  6    Str: 21    XL:     5   Next: 53%
Magic:  5/5        EV: 13    Int:  8    God:    Trog [****..]
Gold:   0          SH:  0    Dex:  9    Spells: 4/4 levels left

rFire    . . .     SeeInvis .   j - +2 hand axe
rCold    . . .     Gourm    .   (no shield)
rNeg     + . .     Faith    .   b - +0 animal skin
rPois    ∞         Spirit   .   (no helmet)
rElec    +         Reflect  .   (no cloak)
rCorr    .         Harm     .   (no gloves)
MR       .....     NoTele   +   (no boots)
Stlth    ++........             (no amulet)
HPRegen  0.12/turn              (no ring)
MPRegen  0.09/turn              (no ring)

@: berserk cooldown, slowed, very slow
A: negative energy resistance 1, electricity resistance, unbreathing,
petrification resistance, rot immunity, AC +4
a: Berserk, Trog's Hand, Brothers in Arms, Burn Spellbooks, Renounce Religion


You were in the Dungeon.
You worshipped Trog.
Trog was greatly pleased with you.
You were not hungry.

You visited 1 branch

Inventory:

Hand Weapons
 j - a +2 hand axe (weapon)
Armour
 b - a +0 animal skin (worn)
Scrolls
 i - a scroll of blinking
 k - 3 scrolls of remove curse
 l - a scroll of summoning
Potions
 a - 2 potions of invisibility
 d - a potion of curing
 e - a potion of heal wounds
 f - a potion of haste
 g - 4 potions of magic
 h - 3 potions of berserk rage
Comestibles
 c - 9 rations


   Skills:
 + Level 7.6 Fighting
 + Level 6.8 Axes
 + Level 4.1 Armour
 + Level 3.6 Dodging
 + Level 1.9 Stealth


You had 4 spell levels left.
You didn't know any spells.

Dungeon Overview and Level Annotations

Branches:
Dungeon (1/1)

Altars:
Cheibriados
Dithmenos
Elyvilon
Fedhas
Gozag
Hepliaklqana
Makhleb
Nemelex Xobeh
Okawaru
Qazlal
Ru
Sif Muna
Trog
Vehumet
Wu Jian
Xom
Yredelemnul
Zin
The Shining One
Beogh
Jiyva
Lugonu


Innate Abilities, Weirdness & Mutations

You are resistant to torment.
Your stone body is resilient. (AC +4)
You are immune to poison.
You resist negative energy. (rN+)
You are resistant to electric shocks. (rElec)
You can survive without breathing.
You are immune to petrification.
You are immune to rotting.


Message History

The orc priest invokes the aid of Beogh against you.
Beogh smites you!
The orc warrior hits you with a dire flail.
Unknown command.
You are too injured to fight recklessly!
Unknown command.
You are too injured to fight recklessly!
Unknown command.
You are too injured to fight recklessly!
You closely miss the orc warrior. You hit the orc priest.
You are no longer berserk.
You are exhausted.
You feel yourself slow down.
Unknown command.
You slash the orc warrior!
The orc warrior is moderately wounded.
You hit the orc priest.
The orc priest hits you but does no damage.
The orc warrior hits you with a dire flail!
You die...

##########'##........
#.?(.')))'.##......#.
##########.##........
#..........)'........
#+#####'#####......#.
#...#†# #........
#..†#.# ####'####
#...'.# #.......#
##@#### #.......#
#.oo..# #.......#
#.....# #...<...#
#....... #.......#
#........##.......#
###########.......#
#########


You could see an orc warrior and an orc priest.

Vanquished Creatures
  A floating eye (D)
  A worker ant (D)
  An orc wizard (D)
  A gnoll (D)
  An adder (D)
  An adder skeleton (D)
  An orc (D)
  A giant cockroach (D)
  A frilled lizard (D)
  A kobold (D)
10 creatures vanquished.

Notes
Turn   | Place    | Note
-------+----------+-------------------------------------------
     0 | D        | Fang the Gargoyle Berserker began the quest for the Orb.
     0 | D        | Reached XP level 1. HP: 14/14 MP: 1/1
    15 | D        | Reached skill level 4 in Fighting
    15 | D        | Reached XP level 2. HP: 20/20 MP: 2/2
    87 | D        | Found a bloodstained altar of Trog.
    87 | D        | Found a deep blue altar of Sif Muna.
    87 | D        | Found a viscous altar of Jiyva.
    87 | D        | Found a hazy altar of Hepliaklqana.
    87 | D        | Found an opulent altar of Gozag.
    88 | D        | Found a glowing golden altar of the Shining One.
    88 | D        | Found a glowing silver altar of Zin.
    88 | D        | Found a basalt altar of Yredelemnul.
    88 | D        | Found a shimmering altar of Xom.
    88 | D        | Found an ornate altar of the Wu Jian Council.
    88 | D        | Found a sacrificial altar of Ru.
    88 | D        | Found a stormy altar of Qazlal.
    88 | D        | Found an iron altar of Okawaru.
    88 | D        | Found a sparkling altar of Nemelex Xobeh.
    88 | D        | Found a burning altar of Makhleb.
    88 | D        | Found a blossoming altar of Fedhas.
    88 | D        | Found a white marble altar of Elyvilon.
    88 | D        | Found a shadowy altar of Dithmenos.
    88 | D        | Found a snail-covered altar of Cheibriados.
    90 | D        | Found a radiant altar of Vehumet.
    90 | D        | Found a corrupted altar of Lugonu.
    90 | D        | Found a roughly hewn altar of Beogh.
   149 | D        | Reached ** piety under Trog
   225 | D        | Reached XP level 3. HP: 18/25 MP: 3/3
   311 | D        | Noticed a floating eye
   313 | D        | Noticed an orc warrior
   313 | D        | Reached skill level 5 in Fighting
   315 | D        | Reached *** piety under Trog
   315 | D        | Paralysed by a floating eye for 4 turns
   321 | D        | Killed a floating eye
   321 | D        | Reached skill level 7 in Fighting
   321 | D        | Reached skill level 1 in Stealth
   321 | D        | Reached XP level 4. HP: 34/34 MP: 4/4
   321 | D        | Reached XP level 5. HP: 38/38 MP: 5/5
   325 | D        | Reached **** piety under Trog
   329 | D        | Slain by an orc warrior

Skill      XL: |  1  2  3 |
---------------+----------+-----
Fighting       | 4 7 |  7.6
Axes           | 3 4 6 |  6.8
Dodging        | 2 3 |  3.6
Armour         | 4 |  4.1
Stealth        | 1 |  1.9

Action                   |  1- 3 |  4- 6 || total
-------------------------+-------+-------++-------
Melee: Hand axe          |    28 |     7 ||    35
Invok: Berserk           |     2 |       ||     2
 Stab: Sleeping          |     1 |       ||     1
Armor: Animal skin       |     6 |     2 ||     8
Dodge: Dodged            |    15 |     3 ||    18
